AoeStats
← VNS__Pan

Black Forest

510505527Analyzed
4v4 RM · 21h ago on Oct 1, 2026· 43m 46s· 8 players
Game mode
Random Map
Map size
Large (8 player)
Population
200
Speed
Normal
Resources
Standard
Victory
Conquest
Starting age
Dark Age
Ending age
Imperial Age
RankedLock teamsTeams togetherTeam positionsShared explorationLock speedFull tech treeHidden civsTurbo modeCheats
Victory
Defeat
🇭🇰 Spanish · Hong Kong SAR China
1444
+14
🇻🇳 Teutons · Vietnam
1428
+14
🇨🇳 Malians · China
1421
+15
🇹🇼 Mapuche · Taiwan
1382
+16
🇨🇳 Japanese · China
1496
-18
🇪🇪 Huns · Estonia
1363
-14
🇹🇷 Shu · Türkiye
1363
-14
🇯🇵 Saracens · Japan
1343
-13
愿随心
10:21 Feudal Age
11:17 Double-Bit Axe
14:18 Castle Age
12:05 Double-Bit Axe
12:58 Gold Mining
13:21 Horse Collar
21:10 Wheelbarrow
22:19 Bow Saw
23:29 Hand Cart
25:00 Scale Barding Armor
28:33 Imperial Age
26:39 Bloodlines
26:37 Heavy Plow
26:39 Stone Mining
27:22 Husbandry
28:25 Chain Barding Armor
28:34 Forging
29:14 Gold Shaft Mining
28:40 Cavalier
29:59 Farimba
31:21 Plate Barding Armor
32:40 Iron Casting
32:12 Treadmill Crane
35:33 Coinage
35:59 Conscription
36:52 Chemistry
38:43 Caravan
39:13 Banking
38:55 Guilds
41:28 Fletching
41:37 Murder Holes
41:52 Masonry
42:19 Hoardings
41:45 Tigui
42:13 Scale Mail Armor
42:09 Bodkin Arrow
43:13 Ballistics
43:23 Architecture
ALmotema
1:44 Loom
11:46 Feudal Age
16:23 Castle Age
15:05 Double-Bit Axe
16:41 Stone Mining
17:14 Bow Saw
18:32 Wheelbarrow
17:47 Fishing Lines
20:42 Gillnets
22:17 Gold Mining
23:45 Gold Shaft Mining
29:11 Imperial Age
27:51 Hand Cart
27:28 Fletching
27:38 Padded Archer Armor
28:10 Caravan
29:40 Bodkin Arrow
30:01 Leather Archer Armor
30:54 Chemistry
30:15 Ballistics
30:39 Hoardings
30:16 Masonry
29:55 Horse Collar
30:34 Elite Bolas Rider
32:22 Architecture
32:40 Siege Engineers
33:02 Butalmapu
33:13 Butalmapu
33:11 Malon
37:49 Champi Runner
38:17 Elite Skirmisher
43:18 Town Watch
43:50 Heavy Plow
VNS__Pan
11:23 Feudal Age
15:01 Castle Age
14:13 Double-Bit Axe
14:08 Horse Collar
15:57 Bow Saw
18:48 Fishing Lines
21:27 Wheelbarrow
22:48 Heavy Plow
22:59 Gillnets
27:33 Imperial Age
24:48 Loom
25:37 Hand Cart
25:51 Scale Barding Armor
25:55 Caravan
26:13 Forging
28:09 Iron Casting
27:55 Chain Barding Armor
27:38 Gold Mining
27:39 Stone Mining
28:37 Coinage
30:00 Blast Furnace
29:23 Bloodlines
30:16 Two-Man Saw
29:52 Guilds
29:43 Cavalier
31:01 Banking
31:08 Conscription
31:25 Plate Barding Armor
30:39 Town Watch
33:29 Squires
32:50 Pikeman
33:32 Scale Mail Armor
33:03 Onager
33:47 Halberdier
34:44 Chain Mail Armor
34:17 Arson
34:36 Siege Onager
36:21 Fletching
37:03 Plate Mail Armor
41:54 Chemistry
41:06 Masonry
屌炸天
0:36 Loom
11:53 Feudal Age
18:00 Castle Age
16:17 Double-Bit Axe
17:19 Horse Collar
24:06 Imperial Age
22:39 Gold Mining
23:58 Bow Saw
25:52 Chemistry
31:56 Padded Archer Armor
34:51 Heavy Plow
41:03 Leather Archer Armor
Enn Tore
10:40 Loom
12:48 Feudal Age
17:30 Castle Age
15:19 Double-Bit Axe
16:02 Fishing Lines
18:29 Bow Saw
19:08 Gillnets
19:44 Gold Mining
21:44 Wheelbarrow
21:39 Horse Collar
22:37 Heavy Plow
24:42 Town Watch
28:19 Imperial Age
26:05 Hand Cart
26:04 Masonry
26:47 Stone Mining
27:36 Gold Shaft Mining
27:24 Fletching
27:34 Padded Archer Armor
27:28 Elite Skirmisher
28:14 Thumb Ring
28:05 Bodkin Arrow
29:00 Ballistics
30:31 Two-Man Saw
29:57 Bracer
30:13 Leather Archer Armor
31:11 Chemistry
31:46 Scale Barding Armor
31:52 Forging
33:02 Conscription
34:48 Chain Barding Armor
35:03 Iron Casting
34:37 Elite Tarkan
36:52 Plate Barding Armor
37:24 Husbandry
38:54 Blast Furnace
39:01 Bloodlines
39:40 Man-at-Arms
40:21 Squires
40:07 Arson
40:40 Scale Mail Armor
40:16 Long Swordsman
41:30 Two-Handed Swordsman
Guts
12:36 Feudal Age
14:16 Wheelbarrow
16:36 Castle Age
14:32 Double-Bit Axe
18:35 Hand Cart
18:48 Bow Saw
23:00 Horse Collar
23:55 Fishing Lines
25:20 Gillnets
25:35 Stone Mining
25:39 Gold Mining
26:45 Ballistics
29:14 Imperial Age
27:32 Fletching
27:43 Padded Archer Armor
27:48 Loom
27:48 Town Watch
28:56 Bodkin Arrow
29:18 Leather Archer Armor
28:49 Treadmill Crane
29:03 Crossbowman
29:48 Thumb Ring
30:27 Bracer
31:00 Ring Archer Armor
31:37 Chemistry
30:54 Arbalester
31:55 Bolt Magazine
32:16 Conscription
32:27 Scale Mail Armor
32:38 Forging
33:50 Man-at-Arms
33:52 Pikeman
34:18 Gambesons
34:34 Squires
34:19 Arson
34:54 Chain Mail Armor
36:29 Two-Man Saw
36:12 Halberdier
claretta's skirt
8:00 Loom
13:14 Feudal Age
14:10 Double-Bit Axe
14:08 Horse Collar
17:18 Castle Age
17:32 Fishing Lines
18:57 Bow Saw
23:23 Heavy Plow
23:53 Gold Mining
23:54 Stone Mining
26:41 Wheelbarrow
28:56 Imperial Age
26:27 Gillnets
27:19 Scale Barding Armor
28:23 Bloodlines
28:14 Husbandry
27:38 Light Cavalry
28:40 Chain Barding Armor
28:32 Forging
30:37 Chemistry
29:09 Heavy Camel Rider
31:17 Plate Barding Armor
31:19 Iron Casting
31:19 Hand Cart
32:18 Two-Man Saw
34:57 Conscription
36:57 Blast Furnace
39:21 Hussar
今夜月色真好
0:45 Loom
10:47 Feudal Age
14:51 Town Watch
18:41 Castle Age
17:31 Double-Bit Axe
20:49 Fortified Wall
23:11 Bow Saw
23:39 Horse Collar
25:06 Wheelbarrow
25:56 Town Patrol
26:13 Fishing Lines
27:38 Gillnets
28:18 Masonry
28:40 Ballistics
29:06 Fletching
29:17 Padded Archer Armor
30:19 Bodkin Arrow
31:03 Gold Mining
31:28 Thumb Ring
32:42 Gold Shaft Mining
37:03 Imperial Age
36:59 Pikeman
37:47 Halberdier
38:37 Squires
40:06 Scale Mail Armor
40:16 Forging
40:56 Arson
Connection lost

Rejoining the realm…

Still unreachable

The connection could not be restored.

Session expired

The server has moved on; the page needs a fresh start.